 Dungeon Crawl Stone Soup version 0.21-a0-70-g32e1473 (webtiles) character file.

19803 MTVSty1e the Cleaver (level 12, -2/102 HPs)
             Began as a Demonspawn Gladiator on May 26, 2017.
             Was a High Priest of Okawaru.
             Slain by an elephant (11 damage)
             ... on level 2 of the Lair of Beasts on June 18, 2017.
             The game lasted 00:39:20 (16025 turns).

MTVSty1e the Cleaver (Demonspawn Gladiator)        Turns: 16025, Time: 00:39:21

Health: -2/102     AC: 18    Str: 22    XL:     12   Next: 39%
Magic:  14/14      EV: 12    Int: 15    God:    Okawaru [*****.]
Gold:   671        SH:  0    Dex: 16    Spells: 11/11 levels left

rFire    + . .     SeeInvis .   k - +3 war axe
rCold    . . .     Gourm    .   K - +0 shield
rNeg     + + .     Faith    .   q - +2 ring mail {rF+}
rPois    +         Spirit   .   (helmet restricted)
rElec    .         Reflect  .   i - +2 ratskin cloak {+Rats rPois rN+ Str-1 Int-1 Dex+1}
rCorr    .         Harm     .   B - +0 pair of gloves
MR       .....     Clarity  +   m - +2 pair of boots
Stlth    ..........             (no amulet)
HPRegen  0.27/turn              J - ring of positive energy
MPRegen  0.14/turn              o - +2 ring of slaying

@: confused, mighty, brilliant
A: antennae 2, slimy green scales 1, clarity, deterioration 1, foul stench 1,
powered by death 2, rot immunity
a: Heroism, Finesse, Renounce Religion, Evoke Ratskin


You were on level 2 of the Lair of Beasts.
You worshipped Okawaru.
Okawaru was extremely pleased with you.
You were not hungry.

You visited 3 branches of the dungeon, and saw 16 of its levels.

You collected 671 gold pieces.

Inventory:

Hand Weapons
 d - a +0 battleaxe
 g - a +0 mace
 k - a +3 war axe (weapon)
 w - a +0 scimitar of flaming
 M - a +2 scimitar of flaming
Armour
 h - a +1 plate armour
 i - the +2 ratskin cloak (worn) {+Rats rPois rN+ Str-1 Int-1 Dex+1}
   (You found it on level 8 of the Dungeon)

   It affects your strength (-1).
   It affects your intelligence (-1).
   It affects your dexterity (+1).
   It protects you from poison.
   It protects you from negative energy.
 m - a +2 pair of boots (worn)
 q - a +2 ring mail of fire resistance (worn)
 B - a +0 pair of gloves (worn)
 K - a +0 shield (worn)
Jewellery
 n - a +3 ring of protection
 o - a +2 ring of slaying (right hand)
 t - a +2 ring of dexterity
 J - a ring of positive energy (left hand)
Wands
 a - a wand of lightning (13/15)
 c - a wand of polymorph (5/24)
 s - a wand of disintegration (16/24)
 v - a wand of flame (19/48)
 x - a wand of flame (22/48)
 y - a wand of lightning (4/15)
 D - a wand of clouds (5/9)
Scrolls
 b - 6 scrolls of identify
 e - 4 scrolls of magic mapping
 l - 2 scrolls of teleportation
 z - a scroll of fear
 A - 2 scrolls of enchant armour
 C - a scroll of recharging
 E - a scroll of amnesia
 L - a scroll of remove curse
Potions
 j - 4 potions of flight
 p - a potion of brilliance
 u - 3 potions of mutation
 F - 3 potions of curing
 H - a potion of berserk rage {unknown}
 I - a potion of might
Comestibles
 f - 11 bread rations
 r - 2 royal jellies
 G - 2 meat rations
 N - 2 fruits


   Skills:
 + Level 12.1 Fighting
 * Level 12.3 Axes
 - Level 1.7 Throwing
 - Level 6.4 Armour
 - Level 6.9 Dodging
 - Level 2.8 Evocations


You had 11 spell levels left.
You didn't know any spells.

Dungeon Overview and Level Annotations

Branches:
Dungeon (13/15)            Temple (1/1) D:4            Lair (2/6) D:8
    Orc (0/2) D:11
  Swamp: Lair:2-4    Shoals: Lair:2-4     Snake: Lair:2-4    Spider: Lair:2-4
 Vaults: D:13-14

Altars:
Ashenzari
Cheibriados
Dithmenos
Elyvilon
Fedhas
Gozag
Hepliaklqana
Kikubaaqudgha
Makhleb
Nemelex Xobeh
Okawaru
Qazlal
Ru
Sif Muna
Trog
Uskayaw
Vehumet
Wu Jian
Xom
Yredelemnul
Zin
The Shining One

Portals:
Trove: D:10 (give 12 potions of heal wounds)

Annotations:
Lair:1 exclusion: oklob plant


Innate Abilities, Weirdness & Mutations

You have a pair of antennae on your head.
You are partially covered in slimy green scales. (AC +2)
You may emit foul miasma when damaged in melee.
You regenerate health from kills.
You are immune to rotting.
You possess an exceptional clarity of mind.
Your body sometimes deteriorates upon taking damage.


Message History

The elephant tramples you but does no damage.
The elephant trunk-slaps you but does no damage.
It was a potion of mutation.
You feel extremely strange.
Your magical essence is no longer linked to your wands.
You feel yourself wasting away.
Your thoughts seem clearer.
The elephant tramples you.
* * * LOW HITPOINT WARNING * * *
You hold your ground!
The elephant looks sick.
The elephant misses you.
The elephant is engulfed in dark miasma.
The elephant looks even sicker.
The elephant tramples you but does no damage.
The elephant trunk-slaps you but does no damage.
You slash the elephant!
The elephant is moderately wounded.
You hit the elephant. The elephant barely misses you.
The elephant trunk-slaps you but does no damage.
The elephant is engulfed in dark miasma.
The elephant looks even sicker.
The elephant seems to slow down.
The elephant tramples you!
You die...

#......## ##.......#
#........# ##...†..## #....†.#
##......## #P.......# ###
#.......#### ###### ##.###
#####......##@####.##.###.#.##
.........†..YY.........[......
.............Y................
.............(................
......................).......
...(..........................
..............................
#P.#P......P#######.###.#...##
#####......## ### #######


You could see 3 elephants.

Vanquished Creatures
  A hydra (Lair:1)
  Erica (Lair:2)
  A death knight (D:11)
  An unseen horror (D:11)
  Pikel (D:6)
  A cyclops (D:11)
  An ugly thing (D:12)
  3 elephants (Lair:2)
  Joseph (D:8)
  A guardian serpent (Lair:2)
  A spiny frog (Lair:1)
  3 komodo dragons
  An efreet (D:12)
  A troll (D:10)
  3 blink frogs (Lair:2)
  Prince Ribbit (D:6)
  4 hippogriffs
  A spriggan (D:7)
  A vampire (D:10)
  19 yaks
  2 hungry ghosts
  A basilisk (Lair:2)
  3 porcupines
  8 water moccasins
  Duvessa (D:6)
  2 orc warriors (D:8)
  2 phantoms
  3 ice beasts
  A slave (D:6)
  2 black bears
  6 wolves (Lair:1)
  11 ogres
  3 centaurs
  2 crocodiles
  A big kobold (D:8)
  Blork the orc (D:6)
  10 bullfrogs
  Dowan (D:6)
  16 killer bees
  3 scorpions
  An electric eel (Lair:1)
  13 wights
  7 howler monkeys
  3 crimson imps
  3 centaur zombies
  2 quasits
  A bullfrog zombie (D:11)
  A jelly (D:9)
  2 bullfrog skeletons
  9 orc priests
  3 centaur skeletons
  6 hounds
  5 orc wizards
  3 iguanas
  13 worker ants
  A hound zombie (D:7)
  6 gnolls
  5 adders
  2 oozes
  An adder skeleton (D:6)
  5 worms
  2 dart slugs
  2 leopard geckos
  37 orcs
  5 ball pythons
  11 bats
  7 giant cockroaches
  13 goblins
  9 hobgoblins
  2 jackals (D:2)
  6 quokkas
  3 frilled lizards
  14 kobolds
  A leopard gecko skeleton (D:6)
  3 rats
  2 fungi (D:8)
  A plant (D:8)
336 creatures vanquished.

Vanquished Creatures (others)
  An ice beast (D:6)
  An orc warrior (D:6)
  A slave (D:6)
  A worker ant (D:5)
  3 orcs
  4 jackals (D:6)
  A frilled lizard (D:3)
  A rat (D:3)
  A plant (Lair:1)
14 creatures vanquished.

Grand Total: 350 creatures vanquished

Notes
Turn   | Place    | Note
-------+----------+-------------------------------------------
     0 | D:1      | MTVSty1e the Demonspawn Gladiator began the quest for the Orb.
     0 | D:1      | Reached XP level 1. HP: 16/16 MP: 1/1
   316 | D:1      | Gained mutation: You are immune to rotting. [demonic ancestry]
   316 | D:1      | Reached XP level 2. HP: 16/22 MP: 2/2
   984 | D:2      | Reached XP level 3. HP: 17/28 MP: 3/3
  1110 | D:2      | Found a faded altar of an unknown god.
  1124 | D:2      | Reached skill level 1 in Armour
  1825 | D:3      | Reached XP level 4. HP: 35/35 MP: 4/4
  2287 | D:3      | Found a radiant altar of Vehumet.
  2305 | D:3      | Found a glowing golden altar of the Shining One.
  2465 | D:3      | Gained mutation: You regenerate a little health from kills. [demonic ancestry]
  2465 | D:3      | Reached XP level 5. HP: 25/41 MP: 5/5
  3176 | D:4      | Noticed an ogre
  3185 | D:4      | Killed an ogre
  3281 | D:4      | Gained mutation: You are partially covered in slimy green scales. (AC +2) [demonic ancestry]
  3281 | D:4      | Reached XP level 6. HP: 13/48 MP: 6/6
  3661 | D:4      | Found a staircase to the Ecumenical Temple.
  3684 | Temple   | Entered the Ecumenical Temple
  3951 | D:4      | Found a snail-covered altar of Cheibriados.
  4223 | D:4      | Reached skill level 5 in Fighting
  4223 | D:4      | Gained mutation: You may emit foul miasma when damaged in melee. [demonic ancestry]
  4223 | D:4      | Reached XP level 7. HP: 28/56 MP: 7/7
  4708 | D:5      | Entered Level 5 of the Dungeon
  5309 | D:5      | HP: 1/56 [ogre/giant club (10)]
  5750 | D:6      | Reached XP level 8. HP: 25/64 MP: 8/8
  5958 | D:6      | Noticed Blork the orc
  5968 | D:6      | Killed Blork the orc
  6127 | D:6      | Noticed Prince Ribbit
  6136 | D:6      | Reached skill level 5 in Dodging
  6208 | D:6      | Reached skill level 5 in Axes
  6537 | D:6      | Noticed Duvessa
  6537 | D:6      | Noticed Pikel
  6537 | D:6      | Noticed Dowan
  6546 | D:6      | Killed Prince Ribbit
  6556 | D:6      | Killed Duvessa
  6580 | D:6      | Killed Pikel
  6580 | D:6      | Reached XP level 9. HP: 18/73 MP: 9/9
  6620 | D:6      | Killed Dowan
  7300 | D:7      | Reached skill level 5 in Armour
  8649 | D:7      | Got an encrusted short sword
  8650 | D:7      | Identified the +8 short sword of Equilibrium {distort, rN+} (You found it on level 7 of the Dungeon)
  8755 | D:7      | Gained mutation: You expend magic power (3 MP) to strengthen your wands. [mutagenic glow]
  8807 | D:8      | Noticed Joseph
  9007 | D:8      | Killed Joseph
  9007 | D:8      | Gained mutation: You have a pair of small antennae on your head. [demonic ancestry]
  9007 | D:8      | Reached XP level 10. HP: 58/83 MP: 10/10
  9150 | D:8      | Found a shimmering altar of Xom.
  9152 | D:8      | Found a shimmering altar of Xom.
  9153 | D:8      | Found a shimmering altar of Xom.
  9155 | D:8      | Found a shimmering altar of Xom.
  9155 | D:8      | Found a shimmering altar of Xom.
  9480 | D:8      | Found a sacrificial altar of Ru.
  9785 | D:8      | Found a staircase to the Lair.
 10217 | D:8      | Noticed a death yak
 10280 | D:8      | Noticed a storm dragon
 10280 | D:8      | Noticed a guardian serpent
 10620 | D:9      | Reached skill level 1 in Evocations
 10632 | D:9      | Reached skill level 10 in Fighting
 11082 | D:9      | Found a burning altar of Makhleb.
 11112 | D:9      | Found a shadowy altar of Dithmenos.
 11116 | D:9      | Found an ornate altar of the Wu Jian Council.
 11117 | D:9      | Found a glowing silver altar of Zin.
 11117 | D:9      | Found an iron altar of Okawaru.
 11117 | D:9      | Found a white marble altar of Elyvilon.
 11119 | D:9      | Found a hazy altar of Hepliaklqana.
 11120 | D:9      | Found a shattered altar of Ashenzari.
 11121 | D:9      | Found a blossoming altar of Fedhas.
 11126 | D:9      | Became a worshipper of Warmaster Okawaru
 11127 | D:9      | Upgraded the game from 0.21-a0-29-g43b3074 to 0.21-a0-33-g8b44e26
 11221 | D:9      | Upgraded the game from 0.21-a0-33-g8b44e26 to 0.21-a0-39-g28ea6b7
 11221 | D:9      | Upgraded the game from 0.21-a0-39-g28ea6b7 to 0.21-a0-70-g32e1473
 11432 | D:10     | Entered Level 10 of the Dungeon
 11506 | D:10     | Reached * piety under Okawaru
 11754 | D:10     | Found an iron altar of Okawaru.
 11915 | D:10     | Gained mutation: You regenerate health from kills. [demonic ancestry]
 11915 | D:10     | Reached XP level 11. HP: 90/92 MP: 13/13
 11964 | D:10     | Found a portal to a secret trove of treasure.
 12447 | D:11     | Reached ** piety under Okawaru
 12606 | D:11     | Found a blossoming altar of Fedhas.
 12919 | D:11     | Killed an unseen horror
 12919 | D:11     | Reached skill level 10 in Axes
 12991 | D:11     | Noticed a death knight
 13014 | D:11     | Killed a death knight
 13014 | D:11     | Reached *** piety under Okawaru
 13336 | D:11     | Found a staircase to the Orcish Mines.
 13432 | D:11     | You fall through a shaft for 2 floors!
 13432 | D:13     | Noticed an entropy weaver
 13432 | D:13     | Noticed an entropy weaver
 13432 | D:13     | Noticed a queen ant
 13432 | D:13     | Noticed a centaur warrior
 13470 | D:12     | Noticed a brown ugly thing
 13498 | D:12     | Killed a brown ugly thing
 13781 | Lair:1   | Entered Level 1 of the Lair of Beasts
 13814 | Lair:1   | Noticed an oklob plant
 13951 | Lair:1   | Noticed a seven-headed hydra
 13966 | Lair:1   | Killed a three-headed hydra
 14457 | Lair:1   | Reached **** piety under Okawaru
 14677 | Lair:1   | Gained mutation: You have a pair of antennae on your head. [demonic ancestry]
 14677 | Lair:1   | Reached XP level 12. HP: 100/100 MP: 14/14
 15339 | Lair:2   | Noticed Erica
 15348 | Lair:2   | Killed Erica
 15456 | Lair:2   | Noticed Sonja
 15458 | Lair:2   | Noticed Sonja
 15458 | Lair:2   | Sonja changed into Sonja the guardian serpent
 15466 | Lair:2   | Killed Sonja the guardian serpent
 15887 | Lair:2   | Reached ***** piety under Okawaru
 16023 | Lair:2   | HP: 1/102 [elephant (11)]
 16024 | Lair:2   | Lost mutation: You expend magic power (3 MP) to strengthen your wands. [potion of mutation]
 16024 | Lair:2   | Gained mutation: Your body sometimes deteriorates upon taking damage. [potion of mutation]
 16024 | Lair:2   | Gained mutation: You possess an exceptional clarity of mind. [potion of mutation]
 16025 | Lair:2   | Slain by an elephant

Vault maps used:
D:1:      dpeg_arrival_line_fractal
D:2:      cheibrodos_old_hovel, chequers_ecumenical_altar_island
D:3:      fiery_altar_vehumet, tso_altar
D:4:      cheibriados_altar_1, temple_doors_e, hex_medium, minmay_ogre_servants
D:5:      first_bread, lemuel_old_faithful
D:6:      uniq_pikel, uniq_duvessa, uniq_blork_the_orc, uniq_prince_ribbit1
D:7:      serial_co_window_serial, co_window_paths_a,
          co_window_of_opportunity_a, co_window_paths_b,
          co_window_of_opportunity_a, co_window_paths_b, co_window_paths_b,
          co_window_of_opportunity_a, co_window_of_opportunity_b,
          co_window_unsneaky_path_c, co_window_corner_cb,
          co_window_of_opportunity_c, co_window_corner_ca, co_window_sun,
          co_window_4corner_b, glass_columns_a, glass_columns_a,
          glass_columns_a, glass_columns_a, glass_columns_a, the_bakery
D:8:      nicolae_ru_awakened_eye, xom_shifter_show,
          grunt_lair_entry_orc_guard_hut, minmay_sticks_and_stones
D:9:      minitemple
D:10:     enter_trove_1, okawaru_ov_weapons_minmay
D:11:     orc_0_dummy, basic_altar, mrwooster_statue_mirror,
          grunt_decor_mini_mirrors
D:12:     gammafunk_jiyva_shrine
D:13:     minivault_29, uniq_frances
Temple:   jpeg_temple_island
Lair:1:   serial_bayou_shore_a, grunt_megastairs_3, minmay_lair_oklob_chamber
Lair:2:   minmay_snake_entry_spellcaster, uniq_erica, uniq_sonja

Skill      XL: |  1  2  3  4  5  6  7  8  9 10 11 12 |
---------------+-------------------------------------+-----
Axes           | 3 4 5 7 8 11 12 | 12.3
Armour         | 1 2 3 4 5 6 |  6.4
Dodging        | 3 4 5 6 |  6.9
Fighting       | 3 4 5 6 7 9 10 11 12 | 12.1
Evocations     | 2 |  2.8
Throwing       | |  1.7

Action                   |  1- 3 |  4- 6 |  7- 9 | 10-12 || total
-------------------------+-------+-------+-------+-------++-------
Melee: War axe           |   154 |   143 |   250 |   761 ||  1308
       Hand axe          |       |       |   193 |       ||   193
       Scimitar          |       |       |       |     9 ||     9
Invok: Heroism           |       |       |       |     3 ||     3
Evoke: Wand              |       |       |       |     5 ||     5
  Use: Scroll            |     5 |     3 |     8 |     7 ||    23
       Potion            |       |     3 |     6 |     9 ||    18
  Eat: Bread ration      |     1 |       |       |       ||     1
       Royal jelly       |       |     2 |     2 |     4 ||     8
       Meat ration       |       |     1 |     4 |     3 ||     8
       Fruit             |       |       |     3 |     3 ||     6
       Chunk             |       |       |       |     2 ||     2
Armor: Leather armour    |    53 |       |       |       ||    53
       Ring mail         |    20 |       |       |   343 ||   363
       Skin              |       |    36 |       |       ||    36
       Chain mail        |       |    83 |   182 |       ||   265
       Plate armour      |       |       |   178 |   106 ||   284
Dodge: Dodged            |   140 |    87 |   205 |   629 ||  1061
Block: Shield            |       |       |       |    77 ||    77
